Map: Submarine LE

Players

YoutubeTY (TY)

  • Race: Terran Terran
  • League: Master
  • Spawn Location: 11:00

uwuThermal (uThermal) - Winner!

  • Race: Terran Terran
  • League: Master
  • Spawn Location: 5:00

Event: War Chest Team League

VOD

Have the link to the VOD?

Description

Time

  • Played on: Aug. 2, 2020, 8:56 a.m.
  • Length: 7:37
Show
View Real Time Build Order
Export as new Build Order

YoutubeTY Terran 

Build Orders: Gas First Reaper Expand 

Get SALT Encoding   

  12  0:00  SCV  
  13  0:12  SCV  
  14  0:17  Supply Depot  
  14  0:24  SCV  
  14  0:27  Refinery  
  15  0:38  SCV  
  16  0:44  Barracks  
  16  0:51  SCV  
  17  1:03  SCV  
  18  1:15  SCV  
  19  1:32  Reaper  
  21  1:33  Orbital Command  
  20  1:46  Command Center  
  20  1:56  Factory  
  20  1:59  SCV  
  21  2:06  Barracks Reactor  
  21  2:09  Supply Depot  
  21  2:11  SCV  
  22  2:17  Refinery  
  22  2:23  SCV  
  23  2:42  Hellion  
  23  2:45  Marine x2  
  23  2:46  SCV  
  24  2:59  Orbital Command  
  24  3:01  SCV  
  24  3:03  Starport  
  25  3:06  Marine x2  
  25  3:09  Factory Tech Lab  
  27  3:13  SCV  
  28  3:24  Marine  
  28  3:25  SCV x2  
  31  3:28  Orbital Command  
  31  3:32  Cyclone, Marine  
  35  3:38  SCV  
  35  3:41  Starport Tech Lab  
  36  3:46  Marine  
  36  3:48  Refinery  
  37  3:50  SCV, Marine  
  37  3:53  SCV  
  40  4:00  Raven  
  40  4:02  SCV  
  43  4:03  Supply Depot  
  43  4:05  SCV  
  44  4:11  Supply Depot  
  44  4:14  SCV  
  45  4:18  SCV  
  46  4:24  Marine x2  
  46  4:25  Siege Tank  
  46  4:26  SCV  
  46  4:30  SCV  
  53  4:33  Supply Depot  
  54  4:38  SCV  
  54  4:42  SCV  
  55  4:50  SCV  
  55  4:51  Viking, Liberator  
  61  4:54  SCV  
  61  4:55  Marine  
  61  4:56  Supply Depot  
  63  5:02  Siege Tank  
  63  5:03  Supply Depot  
  63  5:05  SCV  
  63  5:06  SCV  
  68  5:16  Refinery  
  68  5:17  Supply Depot, Marine  
  68  5:18  SCV x2  
  71  5:22  Viking  
  73  5:31  Supply Depot  
  73  5:34  Viking  
  75  5:37  SCV x2  
  75  5:39  Siege Tank  
  75  5:42  Marine  
  81  5:49  SCV x2  
  83  5:53  Liberator  
  84  5:59  Marine  
  84  6:03  SCV x2  
  87  6:04  Viking, Supply Depot  
  89  6:11  Siege Tank  
  89  6:17  Marine  
  90  6:30  SCV x2  
  91  6:34  Viking  
  91  6:35  Marine  
  94  6:41  Bunker x2  
  94  6:43  Siege Tank  
  97  6:49  Viking  
  97  6:50  Supply Depot  
  97  6:53  SCV x2, Marine  
  102  7:03  Bunker  
  102  7:04  Viking, Bunker  
  102  7:06  SCV x2  
  106  7:11  Marine  
  81  7:23  SCV  
Show
View Real Time Build Order
Export as new Build Order

uwuThermal Terran - Winner!

Build Orders: Reaper Expand 

Get SALT Encoding   

  12  0:00  SCV  
  13  0:12  SCV  
  14  0:16  Supply Depot  
  14  0:24  SCV  
  15  0:38  SCV  
  15  0:39  Barracks  
  16  0:43  Refinery  
  16  0:50  SCV  
  17  1:02  SCV  
  18  1:14  SCV  
  19  1:28  Reaper, Orbital Command  
  20  1:41  Command Center  
  20  1:54  SCV  
  20  1:59  Supply Depot  
  20  2:00  Marine  
  22  2:07  SCV  
  23  2:09  Factory  
  23  2:16  Refinery  
  23  2:20  SCV  
  24  2:23  Barracks Reactor  
  24  2:32  SCV  
  24  2:45  SCV  
  25  2:54  Hellion  
  25  2:57  SCV, Orbital Command  
  28  3:00  Marine x2  
  28  3:03  Starport  
  30  3:09  SCV  
  31  3:15  Factory Tech Lab  
  31  3:16  Orbital Command  
  31  3:19  Marine x2  
  33  3:21  SCV  
  34  3:33  SCV  
  35  3:35  Cyclone  
  35  3:40  Starport Tech Lab  
  38  3:42  SCV  
  38  3:45  SCV  
  40  3:51  Command Center  
  40  3:55  Supply Depot  
  40  3:56  SCV  
  40  3:57  SCV  
  40  4:01  Raven  
  44  4:09  SCV, Refinery x2  
  45  4:11  SCV  
  45  4:16  Marine x2  
  48  4:21  Siege Tank  
  50  4:25  Supply Depot  
  50  4:26  SCV  
  50  4:27  SCV  
  52  4:34  Marine x2  
  54  4:46  SCV x2  
  54  4:48  Supply Depot  
  54  4:51  Starport Reactor  
  56  4:55  Siege Tank  
  56  4:58  SCV x2  
  61  5:01  Barracks  
  61  5:04  Barracks  
  61  5:07  Orbital Command  
  61  5:11  SCV  
  61  5:14  Marine  
  62  5:15  Stimpack  
  62  5:17  SCV  
  64  5:23  SCV  
  64  5:27  Siege Tank  
  68  5:30  SCV  
  68  5:32  Marine  
  68  5:33  SCV  
  71  5:36  Starport Reactor  
  71  5:38  Engineering Bay  
  71  5:40  SCV, Engineering Bay  
  72  5:43  SCV  
  72  5:47  Orbital Command  
  72  5:48  Marine  
  72  5:49  Supply Depot, Marine x2  
  75  5:52  SCV  
  77  5:58  Marine  
  77  5:59  Marine  
  77  6:01  SCV, Supply Depot, Siege Tank  
  83  6:07  SCV  
  83  6:09  Marine  
  85  6:13  Medivac  
  85  6:17  Medivac  
  89  6:20  Marine  
  89  6:22  Supply Depot  
  89  6:23  Supply Depot, Marine x2  
  89  6:24  Marine  
  93  6:27  Marine  
  90  6:38  Marine  
  90  6:41  Marine x2  
  90  6:42  Marine  
  90  6:43  Medivac  
  90  6:45  Marine  
  90  6:47  Medivac  
  92  6:50  Siege Tank  
  96  6:56  Marine  
  96  6:58  Marine  
  96  6:59  Marine  
  96  7:00  Marine  
  96  7:01  Supply Depot  
  100  7:03  Marine  
  98  7:13  Marine  
  80  7:16  Marine x2  
  80  7:17  Marine  
Tags
 
Add a new tag
Caveats
  • Supply blocks, unpowered buildings, or Contaminate may cause inaccurate times.
  • Supply counts are checked every 10 seconds.